cohdb
Replays
Latest Replays
All Replays
Popular Replays
Top Player Replays
Match Explorer
How It Works
Community
CoH3 Stats
Reddit
Sign in to upload your games and track your stats! →
Sign in with Steam
Match 45914665
Unlisted
Match 45914665
Overview
Messages
Build Orders
End
Kradschützen Motorcycle Team
Selects Armored Support Battlegroup
Panzergrenadier Squad
Panzergrenadier Squad
Construct Light Support Kompanie
2.5-tonne Medical Truck
Fire Support Elements
Selects Salvage Kits
Pak 38 Anti-tank Gun Team
Flakvierling Half-track
MG34 Team
Selects Veteran Gunners
Vehicle Survival Package
Panzerpioneer Squad
Construct Panzerarmee Kommand
Armored Reserves
Selects Flammpanzer III Medium Tank
Rapid Advance
Emergency Repair Kits
Tungsten Core Ammunition
Tiger Heavy Tank
Flammpanzer III Medium Tank
Advanced Optics
Tiger Heavy Tank
2.5-tonne Medical Truck
Flammpanzer III Medium Tank
Selects Panzer Storm
Selects Stuka Anti-tank Loiter
Construct Mechanized Kompanie
ridwan_maassarani
Victor
hogarthw
SK_K
Drehtür
Mintyll
BoBohn
LordPavaz
0
0
Comments
sign in to comment!
No comments posted yet!